 Dungeon Crawl Stone Soup version 0.25-a0-41-g6cf4ce537d (webtiles) character file.

Game seed: 16925447352653831593, levelgen mode: deterministic

351 Napalmbreeze the Ducker (level 6, -7/30 HPs)
             Began as a Spriggan Artificer on Oct 21, 2019.
             Was an Initiate of Ashenzari.
             Mangled by an iguana (9 damage)
             ... on level 4 of the Dungeon.
             The game lasted 00:16:14 (6130 turns).

Napalmbreeze the Ducker (Spriggan Artificer)        Turns: 6130, Time: 00:16:15

Health: -7/30      AC:  4    Str: 12    XL:     6   Next: 34%
Magic:  10/10      EV: 21    Int: 13    God:    Ashenzari [......]
Gold:   219        SH:  0    Dex: 18    Spells: 5/5 levels left

rFire    . . .     SeeInvis +   a - +0 short sword
rCold    . . .     Gourm    .   (shield restricted)
rNeg     . . .     Faith    .   b - +0 robe
rPois    .         Spirit   .   q - +2 hat {SInv}
rElec    .         Reflect  .   (no cloak)
rCorr    .         Harm     .   (gloves unavailable)
MR       +....                  (boots unavailable)
Stlth    +++.......             (no amulet)
HPRegen  0.10/turn              k - +4 ring of strength
MPRegen  0.12/turn              (no ring)

@: very quick
A: very small, unfitting armour, see invisible, herbivore, speed 3, slow
metabolism 2
a: Curse Item, Renounce Religion


You were on level 4 of the Dungeon.
You worshipped Ashenzari.
Ashenzari was noncommittal.
You were not hungry.

You visited 2 branches of the dungeon, and saw 5 of its levels.

You collected 219 gold pieces.

Inventory:

Hand Weapons
 a - a +0 short sword (weapon)
Missiles
 v - 4 poisoned darts (quivered)
Armour
 b - a +0 robe (worn)
 q - a +2 hat of see invisible (worn)
Jewellery
 k - a +4 ring of strength (left hand)
Wands
 c - a wand of flame (3)
 d - a wand of enslavement (9)
 e - a wand of random effects (10)
Scrolls
 g - 3 scrolls of identify {unknown}
 j - a scroll of fog {unknown}
 l - a scroll of amnesia {unknown}
 n - 3 scrolls of teleportation {unknown}
 o - 2 scrolls of blinking {unknown}
 p - a scroll of noise {unknown}
 s - a scroll of enchant weapon {unknown}
Potions
 h - a potion of flight {unknown}
 i - a potion of might {unknown}
 m - 2 potions of heal wounds {unknown}
 r - 2 potions of curing {unknown}
 t - a potion of haste {unknown}
 u - a potion of agility {unknown}
 w - a potion of ambrosia {unknown}
 x - a potion of mutation {unknown}
Comestibles
 f - 10 rations


   Skills:
 - Level 2.0 Fighting
 * Level 4.7 Short Blades
 + Level 5.1 Dodging
 + Level 4.8 Stealth
 - Level 4.0 Evocations


You had 5 spell levels left.
You didn't know any spells.
Your spell library was empty.

Dungeon Overview and Level Annotations

Branches:
Dungeon (4/15)             Temple (1/1) D:4

Altars:
Ashenzari
Elyvilon
Gozag
Kikubaaqudgha
Makhleb
Nemelex Xobeh
Okawaru
Qazlal
Sif Muna
Trog
Wu Jian
Zin

Annotations:
D:4 Eustachio


Innate Abilities, Weirdness & Mutations

You are very small and have problems with some larger weapons.
You are too small for most types of armour.
You have supernaturally acute eyesight. (SInv)
You are a herbivore.
You cover ground extremely quickly.
You need to consume almost no food.


Message History

The iguana bites you.
You hit the iguana but do no damage. You hit the iguana.
The iguana is lightly wounded.
The iguana barely misses you.
You hit the iguana but do no damage.
The iguana is lightly wounded.
The iguana misses you.
You hit the iguana but do no damage.
The iguana is lightly wounded.
The iguana misses you.
You barely miss the iguana.
The iguana is lightly wounded.
The iguana misses you.
You barely miss the iguana.
The iguana is lightly wounded.
The iguana bites you!
* * * LOW HITPOINT WARNING * * *
You hit the plant but do no damage. The iguana bites you!
You die...

### ..# #.#
#########.#
#(.(...##.#####
#.####.##.....### #.#
#<.##P.P....# #.#
#......@P...#
#l###.##..PPlP..#
#>.......P.PP......
###.###.#####.......#
#.....#.#####.......#
#.#..................
#.#.#.###...=......##
# #.#.# .....##.###
..... ....#


You could see an iguana.

Vanquished Creatures
  2 howler monkeys
  An orc priest (D:3)
  An iguana (D:3)
  An orc wizard (D:3)
  2 worker ants
  A gnoll (D:3)
  2 adders (D:3)
  An adder skeleton (D:4)
  A worm (D:3)
  3 dart slugs
  3 leopard geckos (D:3)
  3 orcs
  15 giant cockroaches
  9 goblins
  3 hobgoblins
  3 jackals (D:3)
  4 kobolds
  5 quokkas
  A ball python (D:1)
  6 bats
  2 frilled lizards
  A jackal skeleton (D:4)
  17 rats
87 creatures vanquished.

Vanquished Creatures (collateral kills)
  An adder (D:2)
  An orc (D:4)
  A jackal (D:3)
3 creatures vanquished.

Vanquished Creatures (others)
  An orc wizard (D:4)
  2 adders
  2 plants (D:4)
5 creatures vanquished.

Grand Total: 95 creatures vanquished

Notes
Turn   | Place    | Note
-------+----------+-------------------------------------------
     0 | D:1      | Napalmbreeze the Spriggan Artificer began the quest for the
                  | Orb.
     0 | D:1      | Reached XP level 1. HP: 9/9 MP: 4/4
   265 | D:1      | Reached skill level 1 in Fighting
   319 | D:1      | Reached XP level 2. HP: 14/14 MP: 6/6
  1689 | D:2      | Reached XP level 3. HP: 18/18 MP: 7/7
  2378 | D:2      | You fall into a shaft and drop 1 floor!
  2866 | D:3      | Found an ornate altar of the Wu Jian Council.
  2939 | D:2      | Reached XP level 4. HP: 15/22 MP: 8/8
  3479 | D:3      | Reached skill level 4 in Dodging
  3940 | D:4      | Found a staircase to the Ecumenical Temple.
  4414 | D:3      | Reached XP level 5. HP: 22/26 MP: 9/9
  5125 | D:4      | Noticed a phantom
  5128 | D:4      | Reached XP level 6. HP: 25/30 MP: 10/10
  5183 | D:4      | Reached skill level 5 in Dodging
  5283 | D:4      | Noticed Eustachio
  5923 | Temple   | Entered the Ecumenical Temple
  6098 | Temple   | Became a worshipper of Ashenzari the Shackled
  6130 | D:4      | Mangled by an iguana

Levels and vault maps discovered:
D:1:      dpeg_arrival_prison, layout_basic, minivault_24
D:2:      minmay_roachtagon, layout_basic, first_ration
D:3:      layout_basic, lemuel_doored_altar
D:4:      layout_basic, minmay_temple_entry_overgrown, uniq_eustachio
Temple:   minmay_temple_curvy_loop

Skill      XL: |  1  2  3  4  5  6 |
---------------+-------------------+-----
Fighting       | 1 2 |  2.0
Stealth        | 2 3 4 |  4.8
Short Blades   | 2 3 4 |  4.7
Dodging        | 4 5 |  5.1
Evocations     | |  4.0

Action                   |  1- 3 |  4- 6 || total
-------------------------+-------+-------++-------
Melee: Short sword       |   165 |   251 ||   416
Evoke: Wand              |     8 |    15 ||    23
 Stab: Sleeping          |     8 |     3 ||    11
  Eat: Ration            |       |     2 ||     2
Armor: Robe              |    16 |    34 ||    50
Dodge: Dodged            |   114 |   209 ||   323

Table legend:
 A = Non-vault XP
 B = Vault XP
 C = Vault XP percentage of total XP
 D = Non-vault monster count
 E = Vault monster count
 F = Vault count percentage of total count
                 A         B        C        D         E       F
            +---------+---------+-------+---------+---------+-------
      Total |     477 |      25 |   5.0 |      77 |      14 |  15.4
            +---------+---------+-------+---------+---------+-------
        D:1 |      33 |       7 |  17.5 |      21 |       5 |  19.2
        D:2 |      25 |      18 |  41.9 |      13 |       9 |  40.9
        D:3 |     298 |       0 |   0.0 |      34 |       0 |   0.0
        D:4 |     121 |       0 |   0.0 |       9 |       0 |   0.0
            +---------+---------+-------+---------+---------+-------
